 Dungeon Crawl Stone Soup version 0.28-a0-1404-g4df0f3684d (webtiles) character file.

Game seed: 4596211994916090560

2653 HallandMoats the Cleaver (level 9, -10/78 HPs)
             Began as a Minotaur Fighter on Jan 5, 2022.
             Was a Believer of Cheibriados.
             Mangled by an orc warlord (19 damage)
             ... in a bailey.
             The game lasted 00:09:25 (8053 turns).

HallandMoats the Cleaver (Minotaur Fighter)         Turns: 8053, Time: 00:09:26

Health: -10/78     AC:  8    Str: 29    XL:     9   Next: 36%
Magic:  8/11       EV: 13    Int:  9    God:    Cheibriados [**....]
Gold:   21         SH:  6    Dex: 17    Spells: 8/8 levels left

rFire   . . .      SeeInvis .   a - +4 war axe "HallandMoats's Curse" {freeze, Str+3}
rCold   + . .      Faith    .   c - +0 buckler
rNeg    + . .      Spirit   .   p - +2 ring mail {rC+}
rPois   .          Reflect  .   (helmet restricted)
rElec   .          Harm     .   (no cloak)
rCorr   .          Rampage  .   (no gloves)
Will    .....                   (no boots)
Stlth   +.........              (no amulet)
HPRegen 0.23/turn               l - ring of positive energy
MPRegen 0.12/turn               (no ring)

@: very slow
A: horns 2, retaliatory headbutt
a: Renounce Religion, Bend Time


You were in a bailey.
You worshipped Cheibriados.
Cheibriados was pleased with you.
You visited 1 branch of the dungeon, and saw 8 of its levels.
You also visited: Bailey.

You collected 21 gold pieces.

Inventory:

Hand Weapons
 a - the +4 war axe "HallandMoats's Curse" (weapon) {freeze, Str+3}
   (You found it on level 3 of the Dungeon)

   It freezes those it strikes, dealing additional cold damage.
   It can also slow down cold-blooded creatures.
   Str:       It affects your strength (+3).
Armour
 c - a +0 buckler (worn)
 p - a +2 ring mail of cold resistance (worn)
Jewellery
 l - a ring of positive energy (left hand)
 w - a ring of ice
 x - an amulet of the acrobat
 z - a +6 ring of intelligence
Wands
 o - a wand of flame (24)
 v - a wand of polymorph (19)
Scrolls
 e - 3 scrolls of teleportation
 f - a scroll of silence
 j - a scroll of torment
 q - 2 scrolls of enchant armour
 t - a scroll of fog
 u - 2 scrolls of fear
Potions
 b - a potion of mutation {unknown}
 d - a potion of might
 h - 2 potions of curing
 i - a potion of brilliance
 r - 3 potions of ambrosia


   Skills:
 + Level 6.8 Fighting
 * Level 8.7 Axes
 + Level 6.8 Armour
 + Level 5.0 Dodging
 + Level 6.8 Shields
 + Level 4.5 Invocations


You had 8 spell levels left.
You didn't know any spells.
Your spell library contained the following spells:

 Spells                   Type           Power      Damage    Failure   Level
 Beastly Appendage        Tmut           0%         N/A       56%         1
 Foxfire                  Conj/Fire      0%         2x1d4     56%         1
 Wereblood                Tmut           0%         N/A       71%         2
 Conjure Flame            Conj/Fire      0%         6-21      91%         3
 Gell's Gravitas          Tloc           0%         N/A       91%         3
 Inner Flame              Hex/Fire       0%         N/A       91%         3
 Spider Form              Tmut/Pois      0%         N/A       91%         3
 Teleport Other           Tloc           0%         N/A       91%         3
 Animate Dead             Necr           0%         N/A       100%        4
 Flame Wave               Conj/Fire      0%         2d4       100%        4
 Freezing Cloud           Conj/Ice/Air   0%         6-21      100%        5
 Dispersal                Tloc           0%         N/A       100%        6
 Simulacrum               Ice/Necr       0%         N/A       100%        6
 Haunt                    Necr/Summ      0%         N/A       100%        7
 Infestation              Necr           0%         N/A       100%        8
 Polar Vortex             Ice            0%         N/A       100%        9


Dungeon Overview and Level Annotations

Branches:
Dungeon (8/15)             Temple (0/1) D:7          Bailey (1/1)
   Lair: D:8-11

Altars:
Cheibriados
Dithmenos
Hepliaklqana
Kikubaaqudgha
Okawaru
Qazlal
Sif Muna
Uskayaw
Vehumet

Shops:
D:7 (

Annotations:
D:8 Maurice


Innate Abilities, Weirdness & Mutations

You have a pair of horns on your head.
You reflexively headbutt those who attack you in melee.


Message History

g - a scroll labelled LOVYDY MAWNOMO
As you read the scroll labelled LOVYDY MAWNOMO, it crumbles to dust.
It is a scroll of brand weapon.
You aren't carrying any weapons that can be branded.
Found a gate leading back out of this place.
There is an open door here.
There is an open door here.
The orc warlord shouts!
Things that are here:
a +0 hand axe; a +0 leather armour; a goblin corpse You open the gate.
You slash the orc warlord! You freeze the orc warlord.
You headbutt the orc warlord, but do no damage.
The orc warlord is lightly wounded.
The orc warlord hits you with a +0 broad axe!!
You slash the orc warlord! You freeze the orc warlord.
The orc warlord is moderately wounded.
The orc warlord closely misses you. You furiously retaliate!
You headbutt the orc warlord. You barely miss the orc warlord.
The orc warlord is moderately wounded.
You block the orc warlord's attack.
You barely miss the orc warlord.
The orc warlord is moderately wounded.
You slash the hobgoblin! You freeze the hobgoblin.
You kill the hobgoblin!
Cheibriados appreciates the change of pace.
The orc warlord closely misses you. You furiously retaliate!
You headbutt the orc warlord!
You fail to use your ability.
The orc warlord barely misses you. You furiously retaliate!
You headbutt the orc warlord! The flow of time bends around you.
The orc warlord resists with some effort.
The orc warlord hits you with a +0 broad axe!!
You slash the orc warlord! You freeze the orc warlord!
The orc warlord is severely wounded.
The orc warlord hits you with a +0 broad axe!!
* * * LOW HITPOINT WARNING * * *
The orc warlord hits you with a +0 broad axe!!
You die...

#...8....§§#########...
##......####≈≈ ≈≈≈##..
##.....#≈≈#≈.. ..}≈#..
##....#≈........?≈#..
#...##≈8.8...8.8##..
#...'≈≈........g#...
#...'≈≈....∩....#...
#.))o≈≈..... ...#...
#.)@##≈8.8.. 8.8##..
##....#≈..... ..!o#..
##.....#≈≈#≈.. ...≈#.(
##......####≈≈ ≈≈≈##(.
#...8......#########...
#..........'.....'....8
#..........#≈≈≈≈≈#.....
##..8..8...#≈≈≈≈≈#.....
##.......##≈≈≈≈≈##...8


You could see an orc warlord.

Vanquished Creatures
  2 water moccasins
  5 orc warriors
  An ice beast (D:7)
  An ogre (D:5)
  2 necrophages
  A centaur (D:7)
  A bullfrog (D:7)
  3 scorpions
  A gnoll sergeant (D:8)
  A wyvern skeleton (D:5)
  4 killer bees (D:8)
  A howler monkey (D:7)
  A lava snake (D:7)
  A centaur zombie (D:5)
  3 hounds
  5 orc priests
  A gnoll shaman (D:7)
  4 jellies
  Terence (D:2)
  2 iguanas
  2 orc wizards (D:7)
  2 hound zombies (D:5)
  A mummy (D:6)
  11 gnolls
  5 adders
  A howler monkey skeleton (D:6)
  A white imp (D:7)
  3 ufetubi
  An adder zombie (D:5)
  An adder skeleton (D:2)
  A worm (D:4)
  3 dart slugs
  28 orcs
  4 ball pythons
  9 endoplasms
  5 giant cockroaches
  8 hobgoblins
  6 jackals
  5 quokkas
  7 bats
  2 frilled lizards
  6 goblins
  21 kobolds
  5 rats
179 creatures vanquished.

Notes
Turn   | Place    | Note
-------+----------+-------------------------------------------
     0 | D:1      | HallandMoats the Minotaur Fighter began the quest for the
                  | Orb.
     0 | D:1      | Reached XP level 1. HP: 19/19 MP: 0/0
   183 | D:1      | Reached XP level 2. HP: 27/27 MP: 1/1
   235 | D:1      | Reached skill level 3 in Axes
   500 | D:1      | Reached XP level 3. HP: 32/33 MP: 2/2
   589 | D:1      | Found a faded altar of an unknown god.
   994 | D:2      | Reached skill level 1 in Invocations
  1006 | D:2      | Reached skill level 1 in Dodging
  1316 | D:2      | Noticed Terence
  1329 | D:2      | Killed Terence
  1330 | D:2      | Reached XP level 4. HP: 29/40 MP: 3/3
  2177 | D:3      | Reached skill level 4 in Axes
  2177 | D:3      | Reached XP level 5. HP: 21/46 MP: 3/5
  2177 | D:3      | Found an ancient bone altar of Kikubaaqudgha.
  2775 | D:3      | Found a shadowy altar of Dithmenos.
  2982 | D:3      | Identified the +4 war axe "HallandMoats's Curse" {freeze,
                  | Str+3}
  3082 | D:3      | Found a faded altar of an unknown god.
  3082 | D:3      | Found a faded altar of an unknown god.
  3092 | D:3      | Found a hazy altar of Hepliaklqana.
  3382 | D:4      | Found a shimmering blue altar of Sif Muna.
  3485 | D:4      | Noticed a necrophage
  3491 | D:4      | Killed a necrophage
  3492 | D:4      | Reached XP level 6. HP: 51/53 MP: 6/6
  4017 | D:5      | Entered Level 5 of the Dungeon
  4057 | D:5      | Reached skill level 5 in Axes
  4325 | D:5      | Noticed a water moccasin
  4330 | D:5      | Killed a water moccasin
  4331 | D:5      | Reached skill level 5 in Fighting
  4331 | D:5      | Reached XP level 7. HP: 55/61 MP: 7/7
  4340 | D:5      | Reached skill level 5 in Armour
  4434 | D:5      | Reached skill level 5 in Shields
  4783 | D:5      | Found an iron altar of Okawaru.
  5021 | D:5      | Found a large runed translucent door.
  5021 | D:5      | Found a large runed translucent door.
  5066 | D:5      | Found a radiant altar of Vehumet.
  5074 | D:5      | Reached skill level 6 in Axes
  5081 | D:5      | Found a hide-covered altar of Uskayaw.
  5317 | D:6      | Reached XP level 8. HP: 70/70 MP: 9/9
  5361 | D:6      | You fall into a shaft and drop 1 floor!
  5424 | D:7      | Reached skill level 7 in Axes
  5964 | D:6      | Found a snail-covered altar of Cheibriados.
  5973 | D:6      | Became a worshipper of Cheibriados the Contemplative
  6062 | D:6      | Found a stormy altar of Qazlal.
  6298 | D:7      | Found Voskidgh's Antique Weapon Shoppe.
  6306 | D:7      | Reached skill level 8 in Axes
  6325 | D:7      | Reached XP level 9. HP: 29/78 MP: 11/11
  7079 | D:7      | Found a staircase to the Ecumenical Temple.
  7163 | D:8      | Found a flagged portal.
  7173 | D:8      | Noticed Maurice
  7182 | D:8      | HP: 3/78 [killer bee (8)]
  7184 | D:8      | Paralysed by something for 3 turns
  7198 | Bailey   | Entered a bailey
  7266 | Bailey   | Noticed an orc warlord
  7270 | Bailey   | Reached * piety under Cheibriados
  7430 | Bailey   | Identified the ring of Suttue {Contam Fly rCorr Dex+7}
  7584 | Bailey   | Reached skill level 5 in Dodging
  7828 | Bailey   | Found a runed translucent gate.
  7828 | Bailey   | Found a runed translucent gate.
  7828 | Bailey   | Found a runed translucent gate.
  8010 | Bailey   | Reached ** piety under Cheibriados
  8053 | Bailey   | Mangled by an orc warlord

Illustrated notes

Levels and vault maps discovered:
D:1:      nicolae_arrival_washed_ashore, layout_rooms,
          shapermc_ecumenical_altar_ellora, kennysheep_boxes
D:2:      layout_loops_ring, uniq_terence
D:3:      layout_loops_ring, kiku_gazebo_pond_becter,
          grunt_dithmenos_smoke_and_mirrors,
          nicolae_hepliaklqana_ecumenical_no_more
D:4:      layout_gridville, general_overflow_altar
D:5:      layout_gridville, kennysheep_little_box, jmf_multi_god_temple2,
          grunt_decor_fettered, kennysheep_generic_room_15
D:6:      layout_rooms, lemuel_coloured_pillars_altar, chei_slow_surprise
D:7:      layout_rooms, minmay_temple_entry_poolview, serial_shops,
          nicolae_inconvenience_store
D:8:      minmay_general_purpose_star, layout_cave_pools,
          trog_three_pillars_becter, mainiacjoe_overflow_boulevard,
          enter_bailey_1, uniq_maurice
Bailey:   bailey_axe_bossmonster_kennysheep, bailey

Skill      XL: |  1  2  3  4  5  6  7  8  9 |
---------------+----------------------------+-----
Axes           | 3 4 5 6 8 |  8.7
Fighting       | 4 5 6 |  6.8
Armour         | 4 5 6 |  6.8
Invocations    | 1 2 3 4 |  4.5
Dodging        | 1 2 3 4 5 |  5.0
Shields        | 4 5 6 |  6.8

Action                   |  1- 3 |  4- 6 |  7- 9 || total
-------------------------+-------+-------+-------++-------
Melee: War axe           |    98 |    54 |   165 ||   317
       Headbutt          |    10 |    12 |    27 ||    49
       Trident           |       |    59 |       ||    59
Invok: Bend Time         |       |       |     1 ||     1
  Use: Scroll            |       |       |    15 ||    15
       Potion            |       |       |     4 ||     4
Armor: Scale mail        |    43 |    36 |       ||    79
       Ring mail         |       |     2 |    35 ||    37
Dodge: Dodged            |    42 |    46 |    96 ||   184
Block: Buckler           |    24 |    24 |    61 ||   109

Table legend: (Time is in decaauts)
 A = Elapsed time spent in this place.
 B = Non-inter-level travel time spent in this place.
 C = Inter-level travel time spent in this place.
 D = Time resting spent in this place.
 E = Time spent auto-exploring this place.
 F = Levels seen in this place.
 G = Mean time per level.
                   A        B        C        D        E       F      G
               +--------+--------+--------+--------+--------+-----+--------+
         Total |   8391 |   8149 |    242 |   1961 |   4863 |   9 |  932.3 |
       Dungeon |   7478 |   7236 |    242 |   1303 |   4863 |   8 |  934.8 |
        Bailey |    912 |    912 |      0 |    658 |      0 |   1 |  912.0 |
               +--------+--------+--------+--------+--------+-----+--------+

Top non-repeatable levels by time:
     D:7: 1576 daAuts
     D:3: 1396 daAuts
     D:5: 1123 daAuts
     D:2: 1086 daAuts
  Bailey: 912 daAuts
     D:4: 818 daAuts
     D:1: 810 daAuts
     D:6: 589 daAuts
     D:8: 77 daAuts
